 Dungeon Crawl Stone Soup version 0.20.1-1-g8b1a95d (webtiles) character file.

3591 vineage the Cleaver (level 9, -6/62 HPs)
             Began as a Demonspawn Gladiator on Aug 22, 2017.
             Mangled by a two-headed ogre
             ... wielding a +0 giant spiked club
              (8 damage)
             ... on level 8 of the Dungeon.
             The game lasted 00:14:55 (7802 turns).

vineage the Cleaver (Demonspawn Gladiator)          Turns: 7802, Time: 00:14:56

Health: -6/62      AC:  6    Str: 17    XL:     9   Next: 85%
Magic:  9/9        EV: 14    Int: 11    God:    Xom [*.....]
Gold:   415        SH:  0    Dex: 14    Spells: 8/8 levels left

rFire    + . .     SeeInvis .   a - +0 war axe
rCold    . . .     Gourm    .   (no shield)
rNeg     . . .     Faith    +   b - +0 leather armour
rPois    .         Spirit   .   (helmet unavailable)
rElec    .         Reflect  .   (no cloak)
rCorr    .         Harm     .   (no gloves)
MR       +....                  x - +0 pair of boots
Stlth    ++........             K - amulet of faith
Regen    0.2/turn               E - ring of protection from fire
MPRegen  0.2/turn               N - ring of protection from magic

@: no status effects
A: horns 3, iridescent scales 1, frail 1, spiny 1
a: Renounce Religion


You were on level 8 of the Dungeon.
You worshipped Xom.
You were a special plaything of Xom.
You were not hungry.

You visited 2 branches of the dungeon, and saw 9 of its levels.
You also visited: Sewer.

You collected 415 gold pieces.

Inventory:

Hand Weapons
 a - a +0 war axe (weapon)
 z - a +0 short sword of speed
Missiles
 d - 4 throwing nets (quivered)
Armour
 b - a +0 leather armour (worn)
 c - a +0 helmet
 x - a +0 pair of boots (worn)
Jewellery
 i - a +3 amulet of reflection
 D - an uncursed ring of fire
 E - a ring of protection from fire (left hand)
 H - an uncursed ring of protection from cold
 K - an amulet of faith (around neck)
 M - an uncursed ring of flight
 N - a ring of protection from magic (right hand)
 V - an uncursed ring of poison resistance {unknown}
Wands
 F - a wand of paralysis (10/24)
 O - a wand of iceblast (5/15)
 P - a wand of confusion (25/48)
 Q - a wand of polymorph (18/24)
 T - a wand of confusion (42/48)
 U - a wand of flame (30/48)
Scrolls
 j - 7 scrolls of teleportation
 m - 2 scrolls of remove curse
 n - a scroll of blinking {unknown}
 q - a scroll of magic mapping
 r - 2 scrolls of enchant weapon {unknown}
 u - a scroll of fog {unknown}
 v - a scroll of immolation {unknown}
 w - 2 scrolls of noise {unknown}
 y - a scroll of random uselessness {unknown}
 C - a scroll of fear {unknown}
 G - 5 scrolls of amnesia
 S - a scroll of recharging {unknown}
Potions
 g - a potion of agility
 h - a potion of ambrosia
 k - 3 potions of brilliance
 t - a potion of magic {unknown}
 A - a potion of flight
 B - a potion of cancellation {unknown}
 I - a potion of mutation {unknown}
Books
 J - a book of Beasts

   Spells                             Type                      Level
   a - Summon Butterflies             Summoning                    1
   b - Call Canine Familiar           Summoning                    3
   c - Summon Ice Beast               Ice/Summoning                4
   d - Summon Mana Viper              Hexes/Summoning              5
   e - Summon Hydra                   Summoning                    7
 R - a Young Poisoner's Handbook

   Spells                             Type                      Level
   a - Sting                          Conjuration/Poison           1
   b - Poisonous Vapours              Poison/Air                   2
   c - Mephitic Cloud                 Conjuration/Poison/Air       3
   d - Olgreb's Toxic Radiance        Poison                       4
   e - Venom Bolt                     Conjuration/Poison           5
Comestibles
 f - 9 bread rations
 l - 3 royal jellies
 p - 3 meat rations
 s - 2 fruits


   Skills:
 + Level 5.8 Fighting
 + Level 9.9 Axes
 + Level 1.8 Throwing
 + Level 4.2 Armour
 + Level 5.1 Dodging
 + Level 3.6 Stealth


You had 8 spell levels left.
You didn't know any spells.

Dungeon Overview and Level Annotations

Branches:
Dungeon (8/15)             Temple (1/1) D:6
   Lair: D:8-11

Altars:
Ashenzari
Cheibriados
Dithmenos
Elyvilon
Fedhas
Gozag
Hepliaklqana
Kikubaaqudgha
Makhleb
Nemelex Xobeh
Okawaru
Qazlal
Ru
Sif Muna
Trog
Uskayaw
Vehumet
Xom
Yredelemnul
Zin
The Shining One

Portals:
Ossuary: D:8


Innate Abilities, Weirdness & Mutations

You have a pair of large horns on your head.
You are partially covered in iridescent scales. (AC +2)
You are partially covered in sharp spines.
You are frail. (-10% HP)


Message History

You swap places with the two-headed ogre.
The two-headed ogre is struck by your spines.
The two-headed ogre hits you with a giant spiked club!
The two-headed ogre hits you with a giant club!
* * * LOW HITPOINT WARNING * * *
You hit the two-headed ogre.
The two-headed ogre is almost dead.
The two-headed ogre is struck by your spines.
The two-headed ogre hits you with a giant spiked club!
* * * LOW HITPOINT WARNING * * *
The two-headed ogre completely misses you.
You hit the two-headed ogre.
Your headbutt misses the two-headed ogre.
The two-headed ogre is almost dead.
Unknown command.
You barely miss the two-headed ogre.
The two-headed ogre is almost dead.
The two-headed ogre closely misses you.
The two-headed ogre hits you with a giant club!
You die...

.# ########.#
##O@......###
#.....##....#
#...8###.# Z###
#....#..###...
#.........#.###
#........∩...<#
##........#.#.#
###.#..##....
).8##..#8.#.#


You could see a two-headed ogre.

Vanquished Creatures
  A hippogriff (D:6)
  An ice beast (D:6)
  A black bear (D:7)
  5 orc warriors
  3 sky beasts
  A necrophage (D:7)
  2 ogres
  A centaur (D:6)
  2 crocodiles
  3 bullfrogs
  A big kobold (D:7)
  A scorpion (D:5)
  6 killer bees (D:7)
  A bullfrog zombie (D:7)
  2 crimson imps
  2 quasits
  A bullfrog skeleton (D:6)
  2 centaur skeletons
  5 hounds
  7 orc wizards
  4 orc priests
  An iguana (D:5)
  5 worker ants
  Robin (D:3)
  A worker ant zombie (D:8)
  A howler monkey skeleton (D:4)
  7 adders
  3 shadow imps
  An adder zombie (D:6)
  3 worms
  4 dart slugs
  A leopard gecko (D:4)
  15 orcs
  7 giant cockroaches
  22 goblins
  6 hobgoblins
  9 jackals
  12 kobolds
  2 quokkas
  3 ball pythons
  12 bats
  8 frilled lizards
  2 quokka zombies
  11 rats
189 creatures vanquished.

Vanquished Creatures (collateral kills)
  Joseph (D:7)
  A bullfrog (D:7)
2 creatures vanquished.

Vanquished Creatures (others)
  A kobold (D:3)
1 creature vanquished.

Grand Total: 192 creatures vanquished

Notes
Turn   | Place    | Note
-------+----------+-------------------------------------------
     0 | D:1      | vineage the Demonspawn Gladiator began the quest for the Orb.
     0 | D:1      | Reached XP level 1. HP: 16/16 MP: 1/1
   118 | D:1      | Reached skill level 3 in Axes
   118 | D:1      | Gained mutation: You have a pair of small horns on your head. [demonic ancestry]
   118 | D:1      | Reached XP level 2. HP: 14/22 MP: 2/2
   473 | D:1      | Gained mutation: You have a pair of horns on your head. [demonic ancestry]
   473 | D:1      | Reached XP level 3. HP: 21/27 MP: 3/3
  1243 | D:2      | Reached XP level 4. HP: 26/33 MP: 4/4
  1518 | D:2      | Found a basalt altar of Yredelemnul.
  1909 | D:3      | Reached skill level 1 in Armour
  1920 | D:3      | Noticed Robin
  1925 | D:3      | Killed Robin
  2061 | D:3      | Reached skill level 4 in Axes
  2117 | D:3      | Found a stormy altar of Qazlal.
  2326 | D:3      | Gained mutation: You are partially covered in sharp spines. [demonic ancestry]
  2326 | D:3      | Reached XP level 5. HP: 39/39 MP: 5/5
  2360 | D:3      | Found a burning altar of Makhleb.
  2360 | D:3      | Found a sparkling altar of Nemelex Xobeh.
  2360 | D:3      | Found a glowing silver altar of Zin.
  2569 | D:4      | Noticed an ogre
  2574 | D:4      | Killed an ogre
  2574 | D:4      | Reached skill level 5 in Axes
  2574 | D:4      | Gained mutation: You are partially covered in iridescent scales. (AC +2) [demonic ancestry]
  2574 | D:4      | Reached XP level 6. HP: 46/46 MP: 6/6
  3052 | D:4      | Found an ancient bone altar of Kikubaaqudgha.
  3076 | D:5      | Entered Level 5 of the Dungeon
  3087 | D:5      | Found a glowing drain.
  3140 | D:5      | Reached skill level 1 in Stealth
  3157 | Sewer    | Entered a sewer
  3210 | Sewer    | Gained mutation: You have a pair of large horns on your head. [demonic ancestry]
  3210 | Sewer    | Reached XP level 7. HP: 22/52 MP: 7/7
  3494 | D:5      | Reached skill level 6 in Axes
  4340 | D:5      | Reached XP level 8. HP: 53/60 MP: 8/8
  4359 | D:5      | Reached skill level 7 in Axes
  4734 | D:6      | Noticed a hippogriff
  4745 | D:6      | Killed a hippogriff
  4954 | D:6      | Found an opulent altar of Gozag.
  4989 | D:6      | Reached skill level 8 in Axes
  4997 | D:6      | Found a bloodstained altar of Trog.
  5346 | D:6      | Found a staircase to the Ecumenical Temple.
  5352 | Temple   | Entered the Ecumenical Temple
  5542 | Temple   | Became a worshipper of Xom of Chaos
  5593 | D:6      | Reached skill level 5 in Fighting
  5635 | D:6      | Found an iron altar of Okawaru.
  5737 | D:6      | XOM: harmless Hex miscast
  5811 | D:6      | XOM: harmless Ice miscast
  5843 | D:7      | Reached XP level 9. HP: 52/68 MP: 9/9
  5868 | D:7      | Noticed Joseph
  5869 | D:7      | XOM: harmless Summ miscast
  5878 | D:7      | XOM: potion effect (invisibility)
  5890 | D:7      | Killed Joseph
  5890 | D:7      | Reached skill level 5 in Dodging
  5925 | D:7      | XOM: mild Tloc miscast
  6204 | D:7      | Noticed a dagger
  6204 | D:7      | Noticed a dagger
  6206 | D:7      | Found a hide-covered altar of Uskayaw.
  6214 | D:7      | XOM: summons 4 friendly demons
  6301 | D:7      | XOM: medium Tloc miscast
  6440 | D:7      | XOM: medium Conj miscast
  6499 | D:7      | XOM: give mutations
  6499 | D:7      | Gained mutation: You are frail. (-10% HP) [Xom's mischief]
  6499 | D:7      | Gained mutation: Scrolls take you a little longer to read. [Xom's mischief]
  6499 | D:7      | Lost mutation: Scrolls take you a little longer to read. [Xom's mischief]
  6509 | D:7      | XOM: harmless Chrm miscast
  6614 | D:7      | Reached skill level 9 in Axes
  6696 | D:7      | XOM: harmless Air miscast
  6875 | D:7      | XOM: mild Tmut miscast
  7151 | D:7      | XOM: mild Conj miscast
  7178 | D:7      | XOM: summons 1 hostile demon
  7493 | D:8      | Found a sand-covered staircase.
  7501 | D:8      | Noticed a two-headed ogre
  7799 | D:8      | XOM: swap monsters
  7800 | D:8      | HP: 1/62 [two-headed ogre/giant spiked club (17)]
  7802 | D:8      | Mangled by a two-headed ogre

Skill      XL: |  1  2  3  4  5  6  7  8  9 |
---------------+----------------------------+-----
Axes           | 3 4 5 6 8 9 |  9.9
Dodging        | 3 4 5 |  5.1
Armour         | 1 2 3 4 |  4.2
Fighting       | 3 4 5 |  5.8
Stealth        | 1 2 3 |  3.6
Throwing       | |  1.8

Action                   |  1- 3 |  4- 6 |  7- 9 || total
-------------------------+-------+-------+-------++-------
Melee: War axe           |    90 |   138 |   227 ||   455
       Headbutt          |    13 |    22 |    31 ||    66
  Use: Scroll            |     2 |     2 |     6 ||    10
       Potion            |       |       |    10 ||    10
 Stab: Sleeping          |     1 |     1 |     4 ||     6
  Eat: Fruit             |     1 |       |     3 ||     4
       Meat ration       |       |     1 |     3 ||     4
       Chunk             |       |     1 |       ||     1
Armor: Leather armour    |    14 |    25 |    53 ||    92
Dodge: Dodged            |    60 |    90 |   163 ||   313
Block: Other             |     2 |    17 |       ||    19
       Reflection        |     1 |       |       ||     1
